 Dungeon Crawl Stone Soup version 0.25-b1-39-g0d900dab71 (webtiles) character file.

Game seed: 119748563259703388

16779 grindst0ne the Martial Artist (level 12, -23/92 HPs)
             Began as a Gnoll Transmuter on June 7, 2020.
             Was an Elder of Cheibriados.
             Hit by a silver javelin thrown by a minotaur (34 damage)
             ... in a Gauntlet.
             The game lasted 00:44:00 (16112 turns).

grindst0ne the Martial Artist (Gnoll Transmuter)   Turns: 16112, Time: 00:44:01

Health: -23/92     AC:  2    Str: 22    XL:     12   Next: 41%
Magic:  23/24      EV: 37    Int: 30    God:    Cheibriados [****..]
Gold:   629        SH:  0    Dex: 32    Spells: 10/28 levels left

rFire    . . .     SeeInvis .     - Unarmed
rCold    . . .     Gourm    .   (shield currently unavailable)
rNeg     . . .     Faith    .   (armour currently unavailable)
rPois    x         Spirit   .   (helmet currently unavailable)
rElec    .         Reflect  .   (cloak currently unavailable)
rCorr    .         Harm     .   (gloves currently unavailable)
MR       .....     NoTele   +   (boots currently unavailable)
Stlth    +++++.....             (no amulet)
HPRegen  0.25/turn              h - +4 ring of evasion
MPRegen  0.19/turn              u - ring of wizardry

@: spider-form, very slow
A: tiny, distributed training, strong nose
a: End Transformation, Bend Time, Temporal Distortion, Slouch, Renounce Religion


You were in a Gauntlet.
You worshipped Cheibriados.
Cheibriados was greatly pleased with you.
You were not hungry.
You were a venomous arachnid creature.
You visited 2 branches of the dungeon, and saw 12 of its levels.
You also visited: Gauntlet.

You collected 629 gold pieces.

Inventory:

Hand Weapons
 B - the +1 flail of Exquisite Death (melded) {vorpal, rN++ MR-}
   (You found it on level 5 of the Dungeon)

   It inflicts extra damage upon your enemies.
   It greatly protects you from negative energy.
   It affects your resistance to hostile enchantments.
Missiles
 a - 33 arrows
 i - 5 javelins
 j - 9 silver boomerangs
 l - 52 poisoned darts (quivered)
 F - a throwing net
Armour
 b - a +0 robe
 m - a +0 cloak (melded)
 w - a +1 robe of magic resistance (melded)
 y - a +0 leather armour of fire resistance
 M - a +0 troll leather armour
 O - a +0 helmet
 V - the +0 hat of Patience (melded) {rElec rPois rCorr Int+3}
   (You found it in a Gauntlet)

   It affects your intelligence (+3).
   It insulates you from electricity.
   It protects you from poison.
   It provides partial protection from all sources of acid and corrosion.
Magical Staves
 U - an uncursed staff of air {unknown}
Jewellery
 c - an uncursed ring of protection from magic {unknown}
 h - a +4 ring of evasion (left front leg)
 k - an uncursed amulet of guardian spirit
 r - a +6 ring of strength
 u - a ring of wizardry (right front leg)
 z - an uncursed ring of protection from fire
 A - an uncursed ring of protection from fire
 N - an uncursed ring of flight
 R - an uncursed ring of resist corrosion
Wands
 C - a wand of digging (6)
 D - a wand of enslavement (9)
 J - a wand of flame (10)
 P - a wand of acid (4)
Scrolls
 f - a scroll of holy word
 p - 2 scrolls of immolation
 q - 2 scrolls of remove curse
 s - 3 scrolls of enchant armour
 t - 3 scrolls of enchant weapon
 H - a scroll of identify
 K - a scroll of vulnerability
 L - 3 scrolls of amnesia
 T - a scroll of magic mapping
Potions
 e - a potion of curing
 g - 2 potions of resistance
 n - a potion of ambrosia
 o - a potion of lignification
 x - a potion of brilliance {unknown}
 G - a potion of cancellation
 I - a potion of mutation {unknown}
Miscellaneous
 Q - a phial of floods
 S - a phantom mirror
Comestibles
 d - 21 rations


   Skills:
 + Level 7.6 Fighting
 + Level 7.1 Short Blades
 + Level 7.1 Long Blades
 + Level 7.1 Axes
 + Level 7.1 Maces & Flails
 + Level 7.1 Polearms
 + Level 7.1 Staves
 + Level 7.1 Slings
 + Level 7.1 Bows
 + Level 7.1 Crossbows
 + Level 7.1 Throwing
 + Level 7.1 Armour
 + Level 8.5 Dodging
 + Level 7.1 Stealth
 + Level 7.1 Shields
 + Level 9.7 Unarmed Combat
 + Level 8.8 Spellcasting
 + Level 5.9 Conjurations
 + Level 5.9 Hexes
 + Level 5.9 Charms
 + Level 5.9 Summonings
 + Level 5.9 Necromancy
 + Level 5.9 Translocations
 + Level 7.1 Transmutations
 + Level 5.9 Fire Magic
 + Level 5.9 Ice Magic
 + Level 5.9 Air Magic
 + Level 5.9 Earth Magic
 + Level 5.9 Poison Magic
 + Level 7.8 Invocations
 + Level 7.1 Evocations


You had 10 spell levels left.
You knew the following spells:

 Your Spells              Type           Power        Failure   Level  Hunger
a - Beastly Appendage     Tmut           ######       1%          1    None
b - Sticks to Snakes      Tmut           ######..     1%          2    None
c - Spider Form           Tmut/Pois      ######....   1%          3    None
d - Ice Form              Ice/Tmut       ######..     4%          4    None
e - Confusing Touch       Hex            #####...     2%          3    None
f - Blade Hands           Tmut           ######....   7%          5    ####...

Your spell library contained the following spells:

 Spells                   Type           Power        Failure   Level  Hunger
 Foxfire                  Conj/Fire      ####         1%          1    None
 Magic Dart               Conj           ####         1%          1    None
 Searing Ray              Conj           #####.       1%          2    None
 Conjure Flame            Conj/Fire      #####...     2%          3    None
 Dazzling Flash           Conj/Hex       #####.       2%          3    None
 Gell's Gravitas          Tloc           #####.....   2%          3    None
 Inner Flame              Hex/Fire       #####...     2%          3    None
 Fulminant Prism          Conj/Hex       #####.....   4%          4    None
 Iskenderun's Mystic Bla  Conj/Tloc      #####...     4%          4    None
 Petrify                  Tmut/Erth      ######..     4%          4    None
 Sticky Flame             Conj/Fire      #####...     4%          4    None
 Yara's Violent Unravell  Hex/Tmut       ######....   9%          5    ####...
 Fireball                 Conj/Fire      #####.....   10%         5    ####...
 Metabolic Englaciation   Hex/Ice        #####.....   10%         5    ####...


Dungeon Overview and Level Annotations

Branches:
Dungeon (10/15)            Temple (0/1) D:6            Lair (2/6) D:10
    Orc (0/2) D:9         Gauntlet (1/1)
  Swamp: Lair:2-4    Shoals: Lair:2-4     Snake: Lair:2-4    Spider: Lair:2-4

Altars:
Ashenzari
Cheibriados
Dithmenos
Elyvilon
Nemelex Xobeh
Sif Muna
Trog
Vehumet
Yredelemnul

Annotations:
D:5 1 exclusion
D:7 exclusion: downstairs Gauntlet 10 transporters, exclusion: 2 lightning spires


Innate Abilities, Weirdness & Mutations

Your experience applies equally to all skills.
((You have very sharp teeth.))
Your uncanny sense of smell can sniff out nearby items.


Message History

The minotaur is lightly wounded.
You bite the minotaur!
The minotaur looks as sick as possible!
The minotaur is moderately wounded.
The minotaur barely misses you. The minotaur completely misses you.
You bite the minotaur!
The minotaur is heavily wounded.
The minotaur hits you!! The minotaur completely misses you.
The minotaur throws a silver javelin.
The silver javelin pierces through your adder!!
Your adder dies!
The silver javelin pierces through you!!
The silver sears you!
* * * LOW HITPOINT WARNING * * *
The minotaur throws a silver javelin.
The silver javelin completely misses you.
You see here 4 silver javelins.
As you read the scroll of fog, it crumbles to dust.
The scroll dissolves into smoke.
The minotaur throws a silver javelin.
The silver javelin pierces through you!!
You die...

##.##..#..#
..#..#.#..#####
.©#..#.#..#§8≈####
#####..#..#...##..
..#..#.####.8....#
..#..#.#©.....##.##
##.##..####.8.##.§ #
=.©)[.w#..#...§§§# ##...
########§§#.8.##s##....#
.........≈#...##§§H.# #
........§∩#.8..§§##.'...∩
........§≈#...##.##.#####
########§.#.8.##....#
=.©....#..#......##.#
...#.#.####.8.##.# ..
.#...#.#©.....##... #.
.###...####.8....##.#


You could see a minotaur (extremely poisoned).

Vanquished Creatures
  2 two-headed ogres (D:8)
  Nergalle (Lair:1)
  A sixfirhy (Gauntlet)
  Pikel (D:5)
  A cyclops (D:10)
  A centaur zombie (D:10)
  3 spiny frogs (Lair:1)
  2 komodo dragons
  Grinder (D:4)
  3 trolls (D:10)
  5 hippogriffs
  Sigmund (D:5)
  Eustachio (D:4)
  6 shadows (Gauntlet)
  16 yaks
  Menkaure (D:4)
  Edmund (D:4)
  An acid dragon (D:8)
  2 porcupines
  A water moccasin (Lair:1)
  10 orc warriors
  2 sky beasts
  2 phantoms
  An ice beast (D:10)
  A necrophage (D:8)
  4 wolves (Lair:1)
  2 centaurs
  4 ogres
  A crocodile (Lair:2)
  7 bullfrogs
  A big kobold (D:6)
  3 scorpions
  3 howler monkeys
  7 crimson imps
  A quasit (D:8)
  2 jellies
  2 hounds
  14 orc wizards
  2 bullfrog skeletons
  8 orc priests
  3 iguanas
  3 worker ants
  A killer bee zombie (D:9)
  2 hound zombies
  A hound skeleton (D:8)
  A worker ant zombie (D:10)
  16 adders
  11 gnolls
  A shadow imp (D:8)
  An ooze (D:5)
  2 ufetubi (Gauntlet)
  A worm (D:3)
  4 leopard geckos
  55 orcs
  A ball python (D:4)
  8 giant cockroaches
  5 goblins
  5 hobgoblins
  11 jackals
  4 quokkas
  13 bats
  A frilled lizard (D:2)
  A giant cockroach zombie (D:5)
  12 kobolds
  7 rats
  A spectral orc (D:8)
299 creatures vanquished.

Vanquished Creatures (collateral kills)
  A two-headed ogre (D:10)
  An ugly thing (D:8)
  A troll (D:9)
  A hippogriff (D:9)
  8 yaks
  3 orc warriors
  An ogre (D:9)
  A bullfrog (D:10)
  3 howler monkeys (D:10)
  A jelly (D:10)
  3 orc priests
  An orc wizard (D:10)
  3 worker ants
  2 adders
  2 adder zombies (D:9)
  15 orcs
  A jackal (D:2)
  A kobold (D:2)
  2 bats
  A frilled lizard (D:2)
  A quokka skeleton (D:8)
53 creatures vanquished.

Vanquished Creatures (others)
  A jelly (D:6)
  An orc (D:6)
  A plant (D:10)
3 creatures vanquished.

Grand Total: 355 creatures vanquished

Notes
Turn   | Place    | Note
-------+----------+-------------------------------------------
     0 | D:1      | grindst0ne the Gnoll Transmuter began the quest for the
                  | Orb.
     0 | D:1      | Reached XP level 1. HP: 17/17 MP: 6/6
   443 | D:1      | Reached XP level 2. HP: 18/23 MP: 5/7
   806 | D:1      | Learned a level 2 spell: Sticks to Snakes
   988 | D:1      | Reached XP level 3. HP: 25/28 MP: 7/9
  1269 | D:2      | Reached skill level 5 in Spellcasting
  1335 | D:2      | Found a bloodstained altar of Trog.
  1531 | D:2      | Reached skill level 1 in Invocations
  1539 | D:2      | Learned a level 3 spell: Spider Form
  1722 | D:2      | Reached skill level 1 in Short Blades
  1722 | D:2      | Reached skill level 1 in Long Blades
  1722 | D:2      | Reached skill level 1 in Axes
  1722 | D:2      | Reached skill level 1 in Maces & Flails
  1722 | D:2      | Reached skill level 1 in Polearms
  1722 | D:2      | Reached skill level 1 in Staves
  1722 | D:2      | Reached skill level 1 in Slings
  1722 | D:2      | Reached skill level 1 in Bows
  1722 | D:2      | Reached skill level 1 in Crossbows
  1722 | D:2      | Reached skill level 1 in Throwing
  1722 | D:2      | Reached skill level 1 in Armour
  1722 | D:2      | Reached skill level 1 in Stealth
  1722 | D:2      | Reached skill level 1 in Shields
  1722 | D:2      | Reached skill level 1 in Evocations
  1741 | D:2      | Reached XP level 4. HP: 33/34 MP: 6/11
  2274 | D:2      | Reached skill level 1 in Conjurations
  2274 | D:2      | Reached skill level 1 in Hexes
  2274 | D:2      | Reached skill level 1 in Charms
  2274 | D:2      | Reached skill level 1 in Summonings
  2274 | D:2      | Reached skill level 1 in Necromancy
  2274 | D:2      | Reached skill level 1 in Translocations
  2274 | D:2      | Reached skill level 1 in Fire Magic
  2274 | D:2      | Reached skill level 1 in Ice Magic
  2274 | D:2      | Reached skill level 1 in Air Magic
  2274 | D:2      | Reached skill level 1 in Earth Magic
  2274 | D:2      | Reached skill level 1 in Poison Magic
  2274 | D:2      | Reached XP level 5. HP: 32/40 MP: 9/12
  2452 | D:2      | Found a shimmering blue altar of Sif Muna.
  2891 | D:3      | Learned a level 4 spell: Ice Form
  4291 | D:4      | Reached XP level 6. HP: 37/47 MP: 7/13
  4303 | D:4      | Noticed Eustachio
  4320 | D:4      | Killed Eustachio
  4320 | D:4      | Reached skill level 5 in Dodging
  4513 | D:4      | Found a shadowy altar of Dithmenos.
  4582 | D:4      | Reached XP level 7. HP: 52/52 MP: 13/15
  4674 | D:4      | Reached skill level 7 in Unarmed Combat
  4782 | D:4      | Noticed Edmund
  4800 | D:4      | Killed Edmund
  5049 | D:4      | Learned a level 3 spell: Confusing Touch
  5053 | D:4      | You fall into a shaft and drop 1 floor!
  5053 | D:5      | Entered Level 5 of the Dungeon
  5109 | D:4      | Noticed Menkaure
  5121 | D:4      | Killed Menkaure
  5121 | D:4      | Reached XP level 8. HP: 26/60 MP: 11/16
  5712 | D:4      | Noticed Grinder
  5732 | D:4      | Killed Grinder
  6040 | D:5      | Noticed a hornet
  6068 | D:5      | Got a jewelled flail
  6071 | D:5      | Identified the cursed +1 flail of Exquisite Death {vorpal,
                  | rN++ MR-} (You found it on level 5 of the Dungeon)
  6212 | D:5      | HP: 3/60 [adder (4)]
  6741 | D:5      | Noticed Sigmund
  6755 | D:5      | Killed Sigmund
  6801 | D:5      | Noticed Pikel
  6828 | D:5      | Killed Pikel
  6828 | D:5      | Reached skill level 5 in Transmutations
  6828 | D:5      | Reached XP level 9. HP: 38/67 MP: 13/18
  7666 | D:6      | Found a snail-covered altar of Cheibriados.
  7670 | D:6      | Became a worshipper of Cheibriados the Contemplative
  7704 | D:6      | Found a staircase to the Ecumenical Temple.
  7953 | D:6      | Reached skill level 5 in Fighting
  8472 | D:6      | Found a radiant altar of Vehumet.
  8473 | D:6      | Found a sparkling altar of Nemelex Xobeh.
  8634 | D:7      | Reached skill level 8 in Unarmed Combat
  8699 | D:7      | Reached * piety under Cheibriados
  8816 | D:7      | Reached skill level 5 in Invocations
  9254 | D:8      | Noticed a two-headed ogre
  9285 | D:8      | Found a shattered altar of Ashenzari.
  9293 | D:8      | Reached XP level 10. HP: 67/74 MP: 10/20
  9313 | D:8      | Noticed a red ugly thing
  9353 | D:8      | Reached ** piety under Cheibriados
  9537 | D:8      | Killed a two-headed ogre
  9537 | D:8      | Reached skill level 5 in Short Blades
  9537 | D:8      | Reached skill level 5 in Long Blades
  9537 | D:8      | Reached skill level 5 in Axes
  9537 | D:8      | Reached skill level 5 in Maces & Flails
  9537 | D:8      | Reached skill level 5 in Polearms
  9537 | D:8      | Reached skill level 5 in Staves
  9537 | D:8      | Reached skill level 5 in Slings
  9537 | D:8      | Reached skill level 5 in Bows
  9537 | D:8      | Reached skill level 5 in Crossbows
  9537 | D:8      | Reached skill level 5 in Throwing
  9537 | D:8      | Reached skill level 5 in Armour
  9537 | D:8      | Reached skill level 5 in Stealth
  9537 | D:8      | Reached skill level 5 in Shields
  9537 | D:8      | Reached skill level 5 in Evocations
  9655 | D:8      | Killed a red ugly thing
  9925 | D:8      | Noticed a two-headed ogre
  9938 | D:8      | Killed a two-headed ogre
 10206 | D:8      | Found a white marble altar of Elyvilon.
 10643 | D:8      | Found a basalt altar of Yredelemnul.
 10807 | D:9      | Reached *** piety under Cheibriados
 11066 | D:9      | Reached XP level 11. HP: 68/81 MP: 17/22
 11409 | D:9      | Found a staircase to the Orcish Mines.
 11920 | D:10     | Entered Level 10 of the Dungeon
 11936 | D:10     | Reached **** piety under Cheibriados
 12200 | D:10     | Reached skill level 9 in Unarmed Combat
 12229 | D:10     | Reached skill level 5 in Conjurations
 12229 | D:10     | Reached skill level 5 in Hexes
 12229 | D:10     | Reached skill level 5 in Charms
 12229 | D:10     | Reached skill level 5 in Summonings
 12229 | D:10     | Reached skill level 5 in Necromancy
 12229 | D:10     | Reached skill level 5 in Translocations
 12229 | D:10     | Reached skill level 5 in Fire Magic
 12229 | D:10     | Reached skill level 5 in Ice Magic
 12229 | D:10     | Reached skill level 5 in Air Magic
 12229 | D:10     | Reached skill level 5 in Earth Magic
 12229 | D:10     | Reached skill level 5 in Poison Magic
 12244 | D:10     | Noticed a two-headed ogre
 12262 | D:10     | Killed a two-headed ogre
 12481 | D:10     | Noticed a cyclops
 12491 | D:10     | Killed a cyclops
 12845 | D:10     | Found a staircase to the Lair.
 13005 | D:10     | Reached ***** piety under Cheibriados
 13639 | Lair:1   | Entered Level 1 of the Lair of Beasts
 13664 | Lair:1   | Learned a level 5 spell: Blade Hands
 13748 | Lair:1   | HP: 2/84 [wolf (10)]
 14094 | Lair:1   | Noticed Nergalle
 14103 | Lair:1   | Killed Nergalle
 14103 | Lair:1   | Reached XP level 12. HP: 20/91 MP: 17/24
 14981 | Lair:2   | Noticed a six-headed hydra
 15108 | Lair:2   | Found a gate leading to a gauntlet.
 15123 | Gauntlet | Entered a Gauntlet
 15123 | Gauntlet | Found a transporter.
 15123 | Gauntlet | Found a transporter.
 15168 | Gauntlet | Found a transporter.
 15183 | Gauntlet | Found a transporter.
 15199 | Gauntlet | Found a transporter.
 15212 | Gauntlet | Found a transporter.
 15215 | Gauntlet | Found a transporter.
 15228 | Gauntlet | Found a transporter.
 15294 | Gauntlet | Found a transporter.
 15309 | Gauntlet | Found a transporter.
 15325 | Gauntlet | Found a transporter.
 15335 | Gauntlet | Noticed a death ooze
 15337 | Gauntlet | Found a transporter.
 15355 | Gauntlet | Noticed a dire elephant
 15427 | Gauntlet | Found a transporter.
 15432 | Gauntlet | Found a transporter.
 15448 | Gauntlet | Found a transporter.
 15472 | Gauntlet | Found a transporter.
 15637 | Gauntlet | Got a fine dagger
 15638 | Gauntlet | Identified the +2 dagger of Veacw {distort, Str+2} (You
                  | found it in a Gauntlet)
 15694 | Gauntlet | Got a glimmering hat
 15991 | Gauntlet | Identified the +0 hat of Patience {rElec rPois rCorr Int+3}
                  | (You found it in a Gauntlet)
 16081 | Gauntlet | Noticed a minotaur
 16112 | Gauntlet | Hit by a silver javelin thrown by a minotaur

Illustrated notes

Levels and vault maps discovered:
D:1:      wander_arrival_estate, layout_loops_corners
D:2:      layout_basic, lemuel_blue_sif_altar, bloody_trog, kennysheep_doodads,
          kennysheep_generic_room_9
D:3:      layout_basic
D:4:      layout_basic, grunt_dithmenos_smoke, first_ration, uniq_grinder,
          uniq_edmund, uniq_eustachio, uniq_menkaure
D:5:      layout_basic, uniq_pikel, uniq_sigmund
D:6:      layout_basic, marbit_many_paths, gammafunk_temple_overflow_pools,
          minmay_temple_entry_butterflies, lemuel_flame_loot_1
D:7:      layout_rooms, grunt_ogre_cave
D:8:      layout_rooms, nicolae_overflow_hidden_temple,
          nicolae_overflow_crystal_walls, yredelemnul_forgotten_temple_becter,
          minmay_chambers_of_fives
D:9:      layout_cave_pods, david_orc_2
D:10:     layout_small_grid, grunt_lair_entry_orc_guard_hut,
          kennysheep_small_square
Lair:1:   layout_hall_layers, uniq_nergalle
Lair:2:   layout_hall_layers, gauntlet_entry_generic, grunt_megastairs_5
Gauntlet: gammafunk_gauntlet_branching [nicolae_gauntlet_arena_flowing_pool,
          gammafunk_gauntlet_arena_crates, gammafunk_gauntlet_arena_teeth,
          gammafunk_gauntlet_arena_chambers, gammafunk_gauntlet_arena_spirals,
          nicolae_gauntlet_arena_x, nicolae_gauntlet_arena_grate_2,
          nicolae_gauntlet_arena_quarters, gauntlet_exit_green]

Skill      XL: |  1  2  3  4  5  6  7  8  9 10 11 12 |
---------------+-------------------------------------+-----
Spellcasting   | 5 6 7 8 |  8.8
Invocations    | 1 2 3 4 5 6 7 |  7.8
Short Blades   | 1 2 4 5 6 7 |  7.1
Long Blades    | 1 2 4 5 6 7 |  7.1
Axes           | 1 2 4 5 6 7 |  7.1
Maces & Flails | 1 2 4 5 6 7 |  7.1
Polearms       | 1 2 4 5 6 7 |  7.1
Staves         | 1 2 4 5 6 7 |  7.1
Slings         | 1 2 4 5 6 7 |  7.1
Bows           | 1 2 4 5 6 7 |  7.1
Crossbows      | 1 2 4 5 6 7 |  7.1
Throwing       | 1 2 4 5 6 7 |  7.1
Armour         | 1 2 4 5 6 7 |  7.1
Stealth        | 1 2 4 5 6 7 |  7.1
Shields        | 1 2 4 5 6 7 |  7.1
Evocations     | 1 2 4 5 6 7 |  7.1
Conjurations   | 1 2 3 4 5 |  5.9
Hexes          | 1 2 3 4 5 |  5.9
Charms         | 1 2 3 4 5 |  5.9
Summonings     | 1 2 3 4 5 |  5.9
Necromancy     | 1 2 3 4 5 |  5.9
Translocations | 1 2 3 4 5 |  5.9
Fire Magic     | 1 2 3 4 5 |  5.9
Ice Magic      | 1 2 3 4 5 |  5.9
Air Magic      | 1 2 3 4 5 |  5.9
Earth Magic    | 1 2 3 4 5 |  5.9
Poison Magic   | 1 2 3 4 5 |  5.9
Fighting       | 3 4 5 6 7 |  7.6
Transmutations | 4 5 6 7 |  7.1
Dodging        | 5 6 7 8 |  8.5
Unarmed Combat | 7 8 9 |  9.7

Action                   |  1- 3 |  4- 6 |  7- 9 | 10-12 || total
-------------------------+-------+-------+-------+-------++-------
Melee: Hand axe          |    33 |       |       |       ||    33
       Bite              |    12 |    18 |     2 |     7 ||    39
       Unarmed           |     7 |    26 |   302 |   360 ||   695
       Punch             |     2 |     2 |       |     4 ||     8
       Headbutt          |     4 |     2 |       |       ||     6
       Mace              |    47 |   118 |       |       ||   165
       Kick              |     2 |       |       |       ||     2
       Flail             |       |       |    31 |    15 ||    46
Throw: Dart              |       |     9 |     3 |       ||    12
       Throwing net      |       |       |       |     2 ||     2
 Cast: Beastly Appendage |    10 |     6 |     1 |       ||    17
       Sticks to Snakes  |     3 |    14 |    36 |    64 ||   117
       Spider Form       |       |     6 |    38 |    37 ||    81
       Ice Form          |       |       |     2 |     9 ||    11
       Blade Hands       |       |       |       |    12 ||    12
Invok: Slouch            |       |       |       |     4 ||     4
 Abil: End Transformatio |       |       |       |     1 ||     1
  Use: Scroll            |       |     2 |     7 |    13 ||    22
       Potion            |       |       |     2 |    11 ||    13
 Stab: Sleeping          |     5 |     2 |     6 |     1 ||    14
       Distracted        |       |     1 |       |     9 ||    10
  Eat: Chunk             |     3 |     9 |    13 |    11 ||    36
       Ration            |       |       |     1 |     1 ||     2
Armor: Robe              |    22 |    33 |    11 |     9 ||    75
       Skin              |       |     2 |     8 |    24 ||    34
Dodge: Dodged            |    83 |   144 |   340 |   528 ||  1095
